 Dungeon Crawl Stone Soup version 0.30-a0-55-g90e3122c3a (webtiles) character file.

Game seed: 6837582501520862080

44044 Decritt the Warrior (level 14, -4/100 HPs)
             Began as a Gargoyle Fighter on Sept 10, 2022.
             Was a Believer of Ru.
             Slain by a komodo dragon (16 damage)
             ... on level 5 of the Lair of Beasts.
             The game lasted 00:46:01 (24614 turns).

Decritt the Warrior (Gargoyle Fighter)             Turns: 24614, Time: 00:46:01

Health: -4/100     AC: 33    Str: 24    XL:     14   Next: 26%
Magic:  24/24      EV:  9    Int: 18    God:    Ru [**....]
Gold:   698        SH: 11    Dex:  9    Spells: 13/13 levels left

rFire   . . .      SeeInvis .    H - +3 demon whip (venom)
rCold   . . .      Faith    .    c - +1 buckler
rNeg    + . .      Spirit   .    C - +2 chain mail {Will+}
rPois   ∞          Reflect  +    t - +3 hat of Pondering {ponderous, Will+ MP+10 Int+5}
rElec   +          Harm     .    r - +1 cloak of Marbles {rPois Int+3}
rCorr   .          Rampage  .    (no gloves)
Will    +++..                    E - +0 pair of boots
Stlth   ..........               w - amulet of reflection
HPRegen 0.26/turn                (no ring)
MPRegen 0.19/turn                (no ring)

@: about to teleport, flying, slow
A: sickness immunity, AC +10, big wings, negative energy resistance 1,
electricity resistance, torment resistance 1, petrification resistance,
inability to use devices
a: Renounce Religion


You were on level 5 of the Lair of Beasts.
You worshipped Ru.
Ru was pleased with you.
You visited 3 branches of the dungeon, and saw 19 of its levels.
You also visited: Ossuary.

You collected 1065 gold pieces.
You spent 367 gold pieces at shops.

Inventory:

Hand Weapons
 o - a +6 whip of electrocution
 y - the +3 whip of Puckish Responsibility {flame, Int+5}
   (You bought it in a shop on level 9 of the Dungeon)

   It burns those it strikes, dealing additional fire damage.
   Int:       It affects your intelligence (+5).
 H - a +3 demon whip of venom (weapon)
Missiles
 F - a throwing net (quivered)
Armour
 c - a +1 buckler (worn)
 r - the +1 cloak of Marbles (worn) {rPois Int+3}
   (You found it on level 3 of the Lair of Beasts)

   Int:       It affects your intelligence (+3).
   rPois:     It protects you from poison.
 s - a +1 cloak
 t - the +3 hat of Pondering (worn) {ponderous, Will+ MP+10 Int+5}
   (You took it off Gastronok on level 8 of the Dungeon)

   Int:       It affects your intelligence (+5).
   MP:        It affects your magic capacity (+10).
   Will:      It increases your willpower.
 C - a +2 chain mail of willpower (worn)
 E - a +0 pair of boots (worn)
Jewellery
 f - a ring of ice
 g - a ring of wizardry
 w - an amulet of reflection (around neck)
 A - a ring of positive energy
Scrolls
 b - 2 scrolls of poison
 d - 2 scrolls of silence
 m - 2 scrolls of magic mapping
 n - a scroll of torment {unknown}
 p - 10 scrolls of teleportation
 x - 2 scrolls of enchant armour
 z - 5 scrolls of blinking
 D - a scroll of fog
 I - a scroll of enchant weapon
Potions
 a - 2 potions of might
 e - 2 potions of invisibility
 h - a potion of berserk rage {unknown}
 j - 2 potions of curing
 k - a potion of cancellation
 l - 4 potions of mutation
 q - 3 potions of attraction {unknown}
 u - a potion of resistance {unknown}
 B - a potion of magic {unknown}
 G - 2 potions of haste {unknown}


   Skills:
 * Level 16.0 Fighting
 + Level 13.0 Maces & Flails
 - Level 3.0 Throwing
 + Level 14.5 Armour
 - Level 4.2 Dodging
 - Level 6.2 Shields


You had 13 spell levels left.
You didn't know any spells.
Your spell library contained the following spells:

 Spells                   Type           Power      Damage    Failure   Level
 Ensorcelled Hibernation  Hex/Ice        0%         N/A       87%         2
 Passwall                 Tmut/Erth      0%         N/A       87%         2
 Dazzling Flash           Conj/Hex       0%         N/A       98%         3
 Inner Flame              Hex/Fire       0%         N/A       98%         3
 Swiftness                Air            0%         N/A       98%         3
 Airstrike                Air            0%         2d(0-16)  100%        4
 Cause Fear               Hex            0%         N/A       100%        4
 Summon Lightning Spire   Summ/Air       0%         N/A       100%        4
 Agony                    Necr           0%         N/A       100%        5
 Lightning Bolt           Conj/Air       0%         1d11      100%        5
 Silence                  Hex/Air        0%         N/A       100%        5
 Discord                  Hex            0%         N/A       100%        8


Dungeon Overview and Level Annotations

Branches:
Dungeon (13/15)            Temple (1/1) D:5            Lair (5/5) D:11
 Shoals (0/4) Lair:2        Snake (0/4) Lair:2        Slime (0/5) Lair:4
    Orc (0/2) D:11        Ossuary (visited)
 Vaults: D:13-14

Altars:
Ashenzari
Cheibriados
Dithmenos
Elyvilon
Fedhas
Gozag
Hepliaklqana
Kikubaaqudgha
Makhleb
Nemelex Xobeh
Okawaru
Qazlal
Ru
Sif Muna
Trog
Uskayaw
Vehumet
Wu Jian
Xom
Yredelemnul
Zin
The Shining One

Shops:
D:1 !   D:9 *(

Annotations:
Lair:4 exclusion: 4 oklob plants


Innate Abilities, Weirdness & Mutations

You are immune to sickness and miasma.
Your stone body is resilient. (AC +10)
You are immune to poison.
Your large and strong wings let you fly.
You resist negative energy. (rN+)
You are resistant to electric shocks. (rElec)
You are resistant to unholy torment.
You are immune to petrification.
You cannot study or use magical devices.


Message History

You hit the komodo dragon.
The komodo dragon is poisoned.
The komodo dragon is lightly wounded.
You block the komodo dragon's attack.
The cane toad stings you but does no damage.
The blink frog hits you!
* * * LOW HITPOINT WARNING * * *
The blink frog blinks!
As you read the scroll of teleportation, it crumbles to dust.
You feel strangely unstable.
The blink frog blinks!
A yak comes into view.
The cane toad stings you but does no damage.
The komodo dragon bites you but does no damage.
The blink frog barely misses you.
Unknown command.
You hit the cane toad but do no damage.
The cane toad is poisoned.
The cane toad is lightly wounded.
A yak comes into view.
You block the cane toad's attack. You block the blink frog's attack.
The yak bellows!
You hit the cane toad.
The cane toad looks as sick as possible!
The cane toad is moderately wounded.
The komodo dragon closely misses you.
You closely miss the cane toad.
The cane toad is moderately wounded.
The blink frog hits you but does no damage.
The cane toad closely misses you.
You whack the komodo dragon!
The komodo dragon looks as sick as possible!
The komodo dragon is heavily wounded.
You block the komodo dragon's attack.
The blink frog hits you but does no damage.
You redirect the blink frog's attack!
The cane toad is stunned by your conviction and fails to attack.
You hit the cane toad.
The cane toad is heavily wounded.
A boulder beetle comes into view.
A yak comes into view.
You block the blink frog's attack. The cane toad closely misses you.
The komodo dragon bites you!
You die...

... ## .B
###.####.## #
####(.....#..#.#.
#................
#................
#)....FY.F$....#.
#####FFlY..Y.Y..
##@##....... ###
#####..


You could see a boulder beetle (wandering), a komodo dragon (extremely
poisoned), 4 yaks, a cane toad (extremely poisoned) and 3 blink frogs.

Vanquished Creatures
  Gastronok (D:8)
  Harold (D:9)
  A boulder beetle (Lair:3)
  2 hydras
  Erolcha (D:9)
  10 death yaks
  A centaur warrior (D:13)
  2 two-headed ogres
  Amaemon (Lair:3)
  A lindwurm (Lair:3)
  A deep elf pyromancer (D:9)
  Pikel (D:6)
  2 ugly things
  Maurice (D:8)
  12 elephants
  9 cane toads
  3 black mambas
  A gargoyle (D:11)
  An orange demon (Lair:3)
  2 rime drakes
  6 komodo dragons
  4 trolls
  A meliai (D:13)
  3 polar bears (Lair:4)
  A hornet (D:10)
  3 slime creatures (D:11)
  2 vampires
  2 wyverns
  A wraith (Ossuary)
  50 yaks
  The ghost of BritishOli the Trooper, an amateur DsFi (D:5)
  A basilisk (Lair:3)
  14 vampire mosquitoes
  A swamp worm (Lair:3)
  Edmund (D:6)
  5 nagas (Lair:2)
  7 water moccasins
  An acid dragon (D:8)
  Duvessa (D:5)
  3 orc warriors
  2 sky beasts
  2 ice beasts (D:6)
  2 black bears
  4 ogres
  5 centaurs
  16 wolves
  A phantom (D:5)
  4 lemures (D:5)
  3 kobold brigands
  16 bullfrogs
  3 necrophages
  2 scorpions
  Dowan (D:5)
  2 howler monkeys
  4 electric eels (D:11)
  2 bullfrog zombies (Ossuary)
  A jelly (D:8)
  7 hounds
  3 centaur zombies (Ossuary)
  4 orc priests
  4 iguanas
  A scorpion zombie (Ossuary)
  Ijyb (D:5)
  9 orc wizards
  An ogre zombie (Ossuary)
  A mummy (D:4)
  10 gnolls
  10 adders
  A white imp (D:7)
  4 adder zombies (Ossuary)
  2 worms
  A dart slug (D:1)
  35 orcs
  9 ball pythons
  9 endoplasms
  6 giant cockroaches
  10 goblins
  6 hobgoblins
  7 jackals
  5 quokkas
  8 bats
  7 frilled lizards
  A gnoll zombie (Ossuary)
  4 goblin zombies (Ossuary)
  3 hobgoblin zombies (Ossuary)
  18 kobolds
  A kobold zombie (D:4)
  5 orc zombies
  5 rats
  6 briar patches (Lair:3)
436 creatures vanquished.

Vanquished Creatures (others)
  An unseen horror (shapeshifter) (D:13)
  3 hounds (D:11)
  3 briar patches (Lair:3)
  25 fungi
  29 plants
61 creatures vanquished.

Grand Total: 497 creatures vanquished

Notes
Turn   | Place    | Note
-------+----------+-------------------------------------------
     0 | D:1      | Decritt the Gargoyle Fighter began the quest for the Orb.
     0 | D:1      | Reached XP level 1. HP: 14/14 MP: 1/1
   209 | D:1      | Found a faded altar of an unknown god.
   263 | D:1      | Reached XP level 2. HP: 13/19 MP: 2/2
   512 | D:1      | Found Pien's Distillery.
   552 | D:1      | Reached XP level 3. HP: 10/24 MP: 3/3
  1191 | D:2      | Reached skill level 4 in Fighting
  1354 | D:2      | Reached XP level 4. HP: 15/29 MP: 4/4
  2622 | D:3      | Reached XP level 5. HP: 6/34 MP: 5/5
  3286 | D:3      | Reached XP level 6. HP: 12/40 MP: 6/6
  3294 | D:3      | HP: 2/40 [orc/+0 falchion (6)]
  3709 | D:3      | Reached skill level 5 in Fighting
  4215 | D:4      | Found a bloodstained altar of Trog.
  4252 | D:4      | Found a sand-covered staircase.
  4270 | Ossuary  | Entered an ossuary
  4695 | Ossuary  | Reached XP level 7. HP: 38/44 MP: 7/7
  4934 | Ossuary  | Noticed a wraith
  4951 | Ossuary  | HP: 2/45 [wraith (4)]
  4958 | Ossuary  | Killed a wraith
  4959 | Ossuary  | Reached skill level 6 in Fighting
  4959 | Ossuary  | Reached skill level 5 in Maces & Flails
  4959 | Ossuary  | Noticed a silent spectre
  5131 | D:4      | Reached skill level 5 in Armour
  5131 | D:4      | Reached skill level 5 in Shields
  5168 | D:4      | Reached XP level 8. HP: 52/52 MP: 8/8
  6242 | D:4      | Reached skill level 7 in Fighting
  6696 | D:5      | Entered Level 5 of the Dungeon
  6725 | D:5      | Noticed Ijyb
  6729 | D:5      | Killed Ijyb
  6835 | D:5      | Found a staircase to the Ecumenical Temple.
  6843 | D:5      | HP: 2/53 [hound (4)]
  6880 | Temple   | Entered the Ecumenical Temple
  7116 | Temple   | Became a worshipper of Ru the Awakened
  7505 | D:5      | Noticed Duvessa
  7505 | D:5      | Noticed Dowan
  7526 | D:5      | Killed Duvessa
  7528 | D:5      | Killed Dowan
  7862 | D:5      | Reached XP level 9. HP: 54/59 MP: 9/9
  8022 | D:5      | Found a runed translucent door.
  8022 | D:5      | Noticed BritishOli's ghost (amateur DsFi)
  8053 | D:5      | Killed BritishOli's ghost
  8054 | D:5      | Reached skill level 8 in Fighting
  8471 | D:5      | Identified the +1 chain mail of Magic {+Blink rC+++ MP-9
                  | Str-5}
  8559 | D:6      | Noticed Pikel
  8967 | D:6      | Killed Pikel
  9291 | D:6      | Reached skill level 9 in Fighting
  9495 | D:6      | Noticed Edmund
  9505 | D:6      | Killed Edmund
 10084 | D:7      | Gained mutation: You cannot study or use magical devices.
                  | [Ru sacrifice]
 10084 | D:7      | Reached * piety under Ru
 10084 | D:7      | Reached ** piety under Ru
 10279 | D:7      | Reached XP level 10. HP: 52/68 MP: 10/10
 10298 | D:7      | Reached skill level 10 in Fighting
 10620 | D:8      | Noticed Gastronok
 10657 | D:8      | Killed Gastronok
 10658 | D:8      | Reached skill level 10 in Armour
 11164 | D:8      | Noticed Psyche
 11178 | D:8      | Noticed Psyche
 11182 | D:8      | Killed Psyche the rime drake
 11337 | D:8      | Noticed Maurice
 11346 | D:8      | Killed Maurice
 11347 | D:8      | Reached skill level 11 in Fighting
 11881 | D:9      | Reached XP level 11. HP: 13/74 MP: 11/11
 12222 | D:9      | Noticed a deep elf pyromancer
 12225 | D:9      | Noticed Erolcha
 12499 | D:9      | Killed Erolcha
 12568 | D:9      | Killed a deep elf pyromancer
 12714 | D:9      | Found Kohuagh's Antique Weapon Boutique.
 12723 | D:9      | Bought an encrusted whip for 217 gold pieces
 12723 | D:9      | Identified the +3 whip of Puckish Responsibility {flame,
                  | Int+5} (You bought it in a shop on level 9 of the Dungeon)
 12812 | D:9      | Found a snail-covered altar of Cheibriados.
 12842 | D:9      | Found a shimmering altar of Xom.
 12843 | D:9      | Found a hazy altar of Hepliaklqana.
 12923 | D:9      | Noticed Harold
 12933 | D:9      | Killed Harold
 12934 | D:9      | Reached skill level 10 in Maces & Flails
 13073 | D:9      | Found Urijim's Assorted Antiques.
 13076 | D:9      | Bought a scroll of blinking for 150 gold pieces
 13160 | D:10     | Entered Level 10 of the Dungeon
 13433 | D:10     | Noticed a two-headed ogre
 13446 | D:10     | Killed a two-headed ogre
 13447 | D:10     | Reached skill level 12 in Fighting
 13868 | D:10     | Found an iron altar of Okawaru.
 14029 | D:10     | Identified the +1 leather armour of the Big Bang {rC++}
 14117 | D:10     | Reached XP level 12. HP: 82/82 MP: 12/12
 14609 | D:10     | Found a stormy altar of Qazlal.
 15946 | D:11     | Found a staircase to the Lair.
 15972 | D:11     | Found a radiant altar of Vehumet.
 16334 | D:11     | Noticed a five-headed hydra
 16343 | D:11     | Killed a five-headed hydra
 16441 | D:11     | Found a staircase to the Orcish Mines.
 16614 | D:11     | Reached skill level 13 in Fighting
 16614 | D:11     | Reached skill level 1 in Dodging
 16614 | D:11     | You fall into a shaft and drop 2 floors!
 16624 | D:13     | Noticed a centaur warrior
 16642 | D:13     | Killed a centaur warrior
 16647 | D:13     | Noticed a two-headed ogre
 16647 | D:13     | Noticed a cyan very ugly thing
 16652 | D:13     | Noticed a centaur warrior
 16656 | D:13     | Noticed a centaur warrior
 16667 | D:13     | Noticed a two-headed ogre
 16669 | D:13     | Reached skill level 1 in Throwing
 16682 | D:13     | Killed a two-headed ogre
 16684 | D:13     | Noticed a boulder beetle
 16687 | D:13     | Noticed a centaur warrior
 16687 | D:13     | Noticed a centaur warrior
 17170 | Lair:1   | Entered Level 1 of the Lair of Beasts
 17633 | Lair:1   | Reached XP level 13. HP: 70/88 MP: 13/13
 17761 | Lair:1   | You fall into a shaft and drop 1 floor!
 17987 | Lair:2   | Found a staircase to the Shoals.
 19033 | Lair:2   | Found a staircase to the Snake Pit.
 19594 | Lair:2   | Reached skill level 14 in Fighting
 19836 | Lair:3   | Found a transporter.
 19846 | Lair:3   | Noticed Amaemon
 19864 | Lair:3   | Killed Amaemon
 19930 | Lair:3   | Found a transporter.
 21856 | Lair:3   | Identified the +1 cloak of Marbles {rPois Int+3}
 22148 | Lair:3   | HP: 4/91 [death yak (10)]
 22149 | Lair:3   | HP: 1/91 [death yak (3)]
 22831 | Lair:4   | Reached skill level 15 in Fighting
 23373 | Lair:4   | Gained mutation: Your large and strong wings let you fly.
                  | [Gargoyle growth]
 23373 | Lair:4   | Reached XP level 14. HP: 98/98 MP: 14/14
 23379 | Lair:4   | Found a staircase to the Slime Pits.
 23964 | Lair:5   | Entered Level 5 of the Lair of Beasts
 24606 | Lair:5   | Reached skill level 16 in Fighting
 24614 | Lair:5   | Slain by a komodo dragon

Illustrated notes

Levels and vault maps discovered:
D:1:      giann_forest_graveyard, layout_basic, serial_shops, shop,
          basic_ecumenical_altar
D:2:      minmay_skewed_foursquare, layout_basic, minmay_between
D:3:      layout_basic, grunt_ministairs_7, kennysheep_orc_chapel
D:4:      layout_layer_cave, lemuel_doored_altar, nicolae_ossuary_entry_giza,
          minmay_statues_item
D:5:      layout_basic, minmay_temple_entry_crystal_x, gammafunk_ghost_grave,
          uniq_ijyb, uniq_duvessa
D:6:      layout_rooms, uniq_edmund, uniq_pikel
D:7:      layout_rooms
D:8:      layout_basic, uniq_psyche, uniq_maurice, uniq_gastronok
D:9:      layout_cave_pools, nicolae_overflow_hidden_temple,
          regret_index_temple_of_mockery, serial_shops, nicolae_lakefront_shop,
          nicolae_shop_window_shopping, uniq_harold, uniq_erolcha
D:10:     layout_layer_cave, okawaru_gym_becter, grunt_qazlal_sundering
D:11:     layout_stronghold, erik_lair_island, david_orc_2, vehumet_crystals
D:12:     layout_stronghold, minmay_fractal_squares_gapless_5
D:13:     minmay_the_grid_square_5x5_4x4_mashed
          [minmay_the_grid_square_5x5_bridge,
          minmay_the_grid_square_5x5_tri_point,
          minmay_the_grid_square_5x5_empty, minmay_the_grid_square_5x5_minibox,
          minmay_the_grid_square_5x5_lines,
          minmay_the_grid_square_5x5_prize_gold,
          minmay_the_grid_square_5x5_prize_junk,
          minmay_the_grid_square_5x5_inner_i,
          minmay_the_grid_square_5x5_three_small,
          minmay_the_grid_square_5x5_prize_snowflake,
          minmay_the_grid_square_5x5_prize_monsterx,
          minmay_the_grid_square_5x5_inner_v,
          minmay_the_grid_square_5x5_bracketed,
          minmay_the_grid_square_5x5_seven, minmay_the_grid_square_5x5_longway,
          minmay_the_grid_square_5x5_fancy_junction], layout_cave_pools,
          gauntlet_entry_generic, elves_outpost_lemuel
Temple:   eino_temple_rhombus
Lair:1:   layout_loops_ring, lemuel_fruit_fields
Lair:2:   layout_cave_pods, minmay_shoals_entry_centaurs,
          minmay_snake_entry_guardpost_medium, nicolae_volcano_entry_two_sided
Lair:3:   gammafunk_worm_tunnel, layout_regular_city,
          eino_small_chamber_without_monster, nicolae_lair_lindhole,
          grunt_megastairs_3, uniq_amaemon
Lair:4:   layout_gridlike, minmay_slime_entry_oklob_enclosed, st_stairs_8
Lair:5:   hangedman_lair_in_review, layout_loops_ring, wormcave,
          hellmonk_ghost_happy_afterlife, nicolae_quartered_pool_little,
          st_stairs_12, dreamdust_mushroom_princess, cheibrodos_lair_lostbears

Skill      XL: |  1  2  3  4  5  6  7  8  9 10 11 12 13 14 |
---------------+-------------------------------------------+-----
Fighting       | 4 5 6 7 9 11 12 13 15 16 | 16.0
Maces & Flails | 3 4 5 6 7 9 11 12 13 | 13.0
Armour         | 4 5 6 9 10 11 13 14 | 14.5
Shields        | 4 5 6 |  6.2
Dodging        | 2 4 |  4.2
Throwing       | 2 3 |  3.0

Action                   |  1- 3 |  4- 6 |  7- 9 | 10-12 | 13-15 || total
-------------------------+-------+-------+-------+-------+-------++-------
Melee: Flail             |    98 |   248 |   384 |       |       ||   730
       Whip              |       |       |   132 |   721 |   195 ||  1048
       Demon whip        |       |       |       |       |   437 ||   437
Throw: Dart              |       |       |       |    76 |    72 ||   148
       Boomerang         |       |       |       |     4 |       ||     4
       Throwing net      |       |       |       |       |     1 ||     1
Invok: Sacrifice Artific |       |       |     1 |       |       ||     1
       Reject Sacrifices |       |       |       |     1 |     1 ||     2
Evoke: Wand              |       |       |     7 |       |       ||     7
  Use: Potion            |       |     1 |     5 |     3 |     5 ||    14
       Scroll            |       |     6 |    16 |     7 |    11 ||    40
 Stab: Invisible         |       |       |       |     1 |       ||     1
       Distracted        |       |       |       |     2 |     1 ||     3
Armor: Scale mail        |    54 |   197 |       |       |       ||   251
       Chain mail        |       |    28 |   400 |   342 |   352 ||  1122
Dodge: Dodged            |    42 |   176 |   188 |   166 |   177 ||   749
Block: Buckler           |    18 |    99 |   132 |   115 |   175 ||   539
       Reflection        |       |       |       |       |    11 ||    11

Table legend: (Time is in decaauts)
 A = Elapsed time spent in this place.
 B = Non-inter-level travel time spent in this place.
 C = Inter-level travel time spent in this place.
 D = Time resting spent in this place.
 E = Time spent auto-exploring this place.
 F = Levels seen in this place.
 G = Mean time per level.
                   A        B        C        D        E       F      G
               +--------+--------+--------+--------+--------+-----+--------+
         Total |  24837 |  24464 |    373 |   6634 |  14124 |  20 | 1241.8 |
       Dungeon |  16087 |  15853 |    234 |   4829 |   8624 |  13 | 1237.5 |
        Temple |    412 |    392 |     20 |      0 |    376 |   1 |  412.0 |
          Lair |   7439 |   7321 |    118 |   1473 |   4786 |   5 | 1487.8 |
       Ossuary |    897 |    897 |      0 |    332 |    337 |   1 |  897.0 |
               +--------+--------+--------+--------+--------+-----+--------+

Top non-repeatable levels by time:
  Lair:3: 2430 daAuts
    D:10: 2409 daAuts
  Lair:2: 2072 daAuts
     D:2: 1918 daAuts
     D:5: 1856 daAuts
     D:4: 1674 daAuts
  Lair:4: 1583 daAuts
     D:8: 1518 daAuts
     D:3: 1268 daAuts
    D:11: 1226 daAuts
     D:9: 1155 daAuts
     D:6: 1110 daAuts
     D:1: 1100 daAuts
  Lair:1: 1033 daAuts
 Ossuary: 897 daAuts
